cohdb
Replays
Latest Replays
All Replays
Popular Replays
Top Player Replays
Match Explorer
How It Works
Community
CoH3 Stats
Reddit
Sign in to upload your games and track your stats! →
Sign in with Steam
Match 45413093
Unlisted
Match 45413093
Overview
Messages
Build Orders
End
Construct Barracks
Selects Special Operations Battlegroup
Riflemen Squad
Riflemen Squad
Grenade Package
Selects M29 Weasel with M1 Pack Howitzer
M29 Weasel with M1 Pack Howitzer
Riflemen Squad
Air Support Center
Construct Tank Depot
P-47 Dive Bomb
Selects Raiding Flares
Selects SSF Commando Squad
Stenly96
m0rtie
khon
Nik2296
[PD] Ducktus
Lutze
Nico-Nico-Nii~~
=-._.-=MR.Paul=-._.-=
0
0
Comments
sign in to comment!
No comments posted yet!